 Dungeon Crawl Stone Soup version 0.29-a0-841-g116ddc6ace (webtiles) character file.

Game seed: 8084695595751304696

86 par4site the Chiller (level 4, -9/30 HPs)
             Began as a Human Ice Elementalist on July 15, 2022.
             Killed from afar by Sigmund (11 damage)
             ... with a magic dart
             ... on level 2 of the Dungeon.
             The game lasted 00:08:30 (1615 turns).

par4site the Chiller (Human Ice Elementalist)       Turns: 1615, Time: 00:08:30

Health: -9/30      AC:  3    Str:  8    XL:     4   Next: 77%
Magic:  7/7        EV: 12    Int: 18    God:
Gold:   74         SH:  0    Dex: 13    Spells: 3/7 levels left

rFire   . . .      SeeInvis .   k - +3 dagger
rCold   . . .      Faith    .   (no shield)
rNeg    . . .      Spirit   .   a - +0 robe
rPois   .          Reflect  .   (no helmet)
rElec   .          Harm     .   (no cloak)
rCorr   .          Rampage  .   (no gloves)
Will    .....                   h - +0 pair of boots
Stlth   +.........              (no amulet)
HPRegen 0.10/turn               (no ring)
MPRegen 0.10/turn               (no ring)

@: confused
A: no striking features
a: no special abilities


You were on level 2 of the Dungeon.
You visited 1 branch of the dungeon, and saw 2 of its levels.

You collected 74 gold pieces.

Inventory:

Hand Weapons
 d - a +0 short sword
 k - a +3 dagger (weapon)
Armour
 a - a +0 robe (worn)
 h - a +0 pair of boots (worn)
Scrolls
 c - 2 scrolls of teleportation {unknown}
 e - a scroll of identify {unknown}
 j - a scroll of enchant armour {unknown}
 l - a scroll of immolation {unknown}
Potions
 b - a potion of magic
 f - a potion of heal wounds {unknown}
 g - a potion of curing {unknown}
 i - a potion of might {unknown}


   Skills:
 + Level 2.8 Dodging
 + Level 2.9 Stealth
 * Level 2.0 Spellcasting
 + Level 5.0 Ice Magic


You had 3 spell levels left.
You knew the following spells:

 Your Spells              Type           Power      Damage    Failure   Level
a - Freeze                Ice            76%        1d9       2%          1
b - Frozen Ramparts       Ice            38%        1d5       7%          3

Your spell library contained the following spells:

 Spells                   Type           Power      Damage    Failure   Level
 Ozocubu's Armour         Ice            19%        N/A       7%          3
 Hailstorm                Conj/Ice       10%        3d5       54%         4


Dungeon Overview and Level Annotations

Branches:
Dungeon (2/15)

Altars:
Dithmenos
Makhleb

Annotations:
D:2 Sigmund


Message History

The goblin shouts!
The kobold shouts!
Casting: Freeze (safe; 2% risk of failure)
Confirm with . or Enter, or press ? or * to list all spells.
Aiming: Freeze (safe; 2% risk of failure)
Press: ? - help, Shift-Dir - straight line, f - goblin
Aim: a goblin, wielding a +0 club You freeze the goblin.
You kill the goblin!
The kobold throws a stone.
The stone hits you.
The kobold throws a stone.
The stone misses you.
Sigmund shouts!
Sigmund gestures wildly while chanting.
Sigmund flickers and vanishes!
Deactivating autopickup; reactivate with Ctrl-A.
The kobold throws a stone.
The stone closely misses you.
Aiming: Freeze (safe; 2% risk of failure)
Press: ? - help, Q - select action Shift-Dir - straight line, f - you
Okay, then.
The kobold hits you but does no damage.
Aiming: Freeze (safe; 2% risk of failure)
Press: ? - help, Q - select action Shift-Dir - straight line, f - kobold
Aim: a kobold, wielding a +0 short sword and quivering stones You freeze the kobold.
You kill the kobold!
Something hits you! Something hits you. Something hits you!
You hear some strange, mumbled words.
A puff of flame appears from out of thin air!
The puff of flame hits you.
* * * LOW HITPOINT WARNING * * *
A magic dart appears from out of thin air!
The magic dart hits you.
* * * LOW HITPOINT WARNING * * *
You are confused.
You're too confused to move!
A magic dart appears from out of thin air!
The magic dart hits you!
You die...

#.#.#### ._ # #.#.#..# ..
#. #.#<...#.. .
##.####.#.#..#.#.# .
........รทรท#..#.#.#.#
##.................
.................#.
#####.....#..#.###.#
#######...#.###.@......#.
.....##.###..(##..##.....
.....+...#.#.#.........#
.....###.#.._..#{###.#.#
.).........#.#)#.....#
####.....##...###..#.#
#.##...###)#...####.
#......#............#
####.#...############


There were no monsters in sight!

Vanquished Creatures
  A hound (D:2)
  An adder (D:2)
  3 dart slugs (D:1)
  4 bats
  2 endoplasms (D:1)
  A giant cockroach (D:1)
  3 goblins
  4 hobgoblins
  3 jackals (D:1)
  2 quokkas (D:1)
  3 ball pythons
  A frilled lizard (D:2)
  6 kobolds
  4 rats (D:1)
38 creatures vanquished.

Notes
Turn   | Place    | Note
-------+----------+-------------------------------------------
     0 | D:1      | par4site the Human Ice Elementalist began the quest for the
                  | Orb.
     0 | D:1      | Reached XP level 1. HP: 13/13 MP: 3/3
   204 | D:1      | Reached XP level 2. HP: 16/19 MP: 0/5
   487 | D:1      | Reached XP level 3. HP: 24/24 MP: 4/6
  1296 | D:2      | Reached XP level 4. HP: 20/30 MP: 2/7
  1426 | D:2      | Learned a level 3 spell: Frozen Ramparts
  1433 | D:2      | Found a burning altar of Makhleb.
  1460 | D:2      | Found a shadowy altar of Dithmenos.
  1468 | D:2      | Reached skill level 5 in Ice Magic
  1580 | D:2      | Noticed Sigmund
  1611 | D:2      | HP: 1/30 [something/magic dart (4)]
  1615 | D:2      | Killed from afar by Sigmund

Illustrated notes

Levels and vault maps discovered:
D:1:      saegor_arrival_simple_a, layout_loops_ring
D:2:      layout_basic, basic_altar, minmay_hexomino_r4, uniq_sigmund

Skill      XL: |  1  2  3  4 |
---------------+-------------+-----
Ice Magic      | 5 |  5.0
Dodging        | |  2.8
Stealth        | |  2.9
Spellcasting   | |  2.0

Action                   |  1- 3 |  4- 6 || total
-------------------------+-------+-------++-------
Melee: Short sword       |    22 |     5 ||    27
       Dagger            |       |     1 ||     1
 Cast: Freeze            |    42 |     4 ||    46
       Frozen Ramparts   |       |     3 ||     3
Armor: Robe              |     5 |     1 ||     6
Dodge: Dodged            |    41 |     6 ||    47

Table legend: (Time is in decaauts)
 A = Elapsed time spent in this place.
 B = Non-inter-level travel time spent in this place.
 C = Inter-level travel time spent in this place.
 D = Time resting spent in this place.
 E = Time spent auto-exploring this place.
 F = Levels seen in this place.
 G = Mean time per level.
                   A        B        C        D        E       F      G
               +--------+--------+--------+--------+--------+-----+--------+
         Total |   1616 |   1534 |     82 |    610 |    600 |   2 |  808.0 |
       Dungeon |   1616 |   1534 |     82 |    610 |    600 |   2 |  808.0 |
               +--------+--------+--------+--------+--------+-----+--------+

Top non-repeatable levels by time:
     D:1: 1280 daAuts
     D:2: 336 daAuts
